Map: 카이로스 정션 - 래더

Players

Stats - Winner!

  • Race: Protoss Protoss
  • Spawn Location: 5:00

Patience

  • Race: Protoss Protoss
  • Spawn Location: 11:00

Event: IEM Season 13: Katowice (2019)

VOD

Have the link to the VOD?

Description

Time

  • Played on: Feb. 28, 2019, 6:25 a.m.
  • Length: 5:34

All games in this series

Show
View Real Time Build Order
Export as new Build Order

Stats Protoss - Winner!

Build Orders:  

Get SALT Encoding   

  12  0:00  Probe  
  13  0:12  Probe  
  14  0:17  Pylon  
  14  0:24  Probe  
  15  0:32  Probe  
  15  0:36  Gateway  
  15  0:40  Probe  
  16  0:46  Assimilator  
  17  0:51  Probe  
  17  0:54  Assimilator  
  18  0:59  Probe  
  19  1:07  Gateway, Probe  
  19  1:17  Probe  
  20  1:23  Cybernetics Core  
  21  1:29  Probe  
  22  1:33  Pylon  
  22  1:41  Probe  
  23  1:51  Warp Gate  
  23  1:53  Probe  
  24  2:00  Sentry, Stalker  
  28  2:06  Probe  
  29  2:10  Pylon  
  29  2:30  Sentry  
  29  2:37  Nexus  
  31  2:39  Sentry  
  31  2:42  Probe  
  34  2:50  Pylon  
  34  2:57  Stalker  
  36  3:05  Stalker  
  38  3:16  Robotics Facility  
  38  3:20  Shield Battery  
  38  3:25  Pylon  
  38  3:28  Probe  
  37  3:40  Probe  
  37  3:45  Stalker x2  
  41  3:49  Probe  
  42  3:55  Immortal  
  46  4:12  Stalker  
  48  4:19  Adept  
  50  4:24  Warp Prism  
  50  4:25  Probe x2  
  53  4:45  Sentry  
  53  4:46  Sentry  
  53  4:48  Pylon  
  53  4:49  Probe x2  
  53  4:52  Immortal  
  59  5:10  Adept x2  
  63  5:15  Pylon  
  63  5:32  Stalker x2  
Show
View Real Time Build Order
Export as new Build Order

Patience Protoss 

Build Orders:  

Get SALT Encoding   

  12  0:00  Probe  
  13  0:12  Probe  
  14  0:17  Pylon  
  14  0:23  Probe  
  15  0:32  Probe  
  15  0:35  Gateway  
  15  0:41  Probe  
  16  0:46  Assimilator  
  17  0:52  Probe  
  17  0:54  Assimilator  
  18  1:00  Probe  
  19  1:08  Gateway, Probe  
  20  1:19  Probe  
  20  1:23  Cybernetics Core  
  21  1:31  Probe  
  22  1:34  Pylon  
  22  1:43  Probe  
  23  1:47  Warp Gate  
  23  1:59  Stalker x2  
  23  2:01  Probe  
  28  2:08  Pylon  
  28  2:19  Probe  
  29  2:27  Pylon  
  29  2:29  Stalker  
  31  2:30  Stalker  
  33  2:42  Gateway  
  33  2:51  Pylon  
  33  3:02  Stalker x2  
  37  3:20  Pylon  
  34  3:39  Stalker  
  34  3:40  Stalker x2  
  38  3:50  Pylon  
  38  4:01  Probe  
  39  4:03  Sentry  
  39  4:04  Sentry x2  
  45  4:15  Pylon  
  45  4:21  Nexus  
  45  4:30  Sentry  
  45  4:31  Adept  
  49  4:32  Adept  
  51  4:55  Stalker x3  
  49  5:14  Pylon  
  47  5:23  Stalker x2  
  47  5:24  Stalker  

Tags
 
Add a new tag
Caveats
  • Supply blocks, unpowered buildings, or Contaminate may cause inaccurate times.
  • Supply counts are checked every 10 seconds.